 Dungeon Crawl Stone Soup version 0.19.5 (webtiles) character file.

210 Monsterracer the Conjurer (level 5, -1/28 HPs)
             Began as a Deep Elf Conjurer on Apr 13, 2017.
             Slain by Monsterracer's ghost (9 damage)
             ... in an ossuary on Apr 14, 2017.
             The game lasted 00:12:21 (3058 turns).

Monsterracer the Conjurer (Deep Elf Conjurer)       Turns: 3058, Time: 00:12:21

Health: -1/28      AC:  5    Str:  1 (3)  XL:     5   Next: 57%
Magic:  7/20       EV: 13    Int: 20 (21) God:
Gold:   135        SH:  0    Dex: 13 (15) Spells: 3 memorised, 4 levels left

rFire  . . .     SeeInvis .     n - +0 dagger
rCold  . . .     Gourm    .     a - +0 robe
rNeg   . . .     Faith    .     (no shield)
rPois  .         Spirit   .     d - +0 helmet
rElec  .         Reflect  .     (no cloak)
rCorr  .         Harm     .     (no gloves)
MR     +....                    g - +1 pair of boots
Stlth  ++........               (no amulet)
                                e - ring of protection from magic
                                o - ring of magical power

@: no status effects
A: blurry vision 1, weak 1, subdued magic 1
a: no special abilities


You were in an ossuary.
You were not hungry.

You visited 1 branch of the dungeon, and saw 4 of its levels.
You also visited: Ossuary.

You collected 135 gold pieces.

Inventory:

Hand Weapons
 n - a +0 dagger (weapon)
Armour
 a - a +0 robe (worn)
 d - a +0 helmet (worn)
 g - a +1 pair of boots (worn)
Jewellery
 e - a ring of protection from magic (right hand)
 o - a ring of magical power (left hand)
Scrolls
 i - 3 scrolls of identify
 j - 4 scrolls of remove curse
 p - 2 scrolls of amnesia
Books
 b - a book of Conjurations

   Spells                             Type                      Level
   a - Magic Dart                     Conjuration                  1
   b - Searing Ray                    Conjuration                  2
   c - Dazzling Spray                 Conjuration/Hexes            3
   d - Fulminant Prism                Conjuration/Hexes            4
   e - Iskenderun's Mystic Blast      Conjuration                  4
   f - Iskenderun's Battlesphere      Conjuration/Charms           5
Comestibles
 c - 2 bread rations
 f - 4 meat rations
 l - 2 slices of pizza
 m - a beef jerky
 q - a fruit


   Skills:
 - Level 2.4 Dodging
 - Level 2.4 Stealth
 - Level 3.0 Spellcasting
 + Level 7.6 Conjurations


You had 4 spell levels left.
You knew the following spells:

 Your Spells              Type           Power        Failure   Level  Hunger
a - Magic Dart            Conj           ####         1%          1    None
b - Searing Ray           Conj           ####..       1%          2    ##.....
c - Dazzling Spray        Conj/Hex       ##....       8%          3    ###....


Dungeon Overview and Level Annotations

Branches:
Dungeon (4/15)
 Temple: D:4-7

Altars:
Cheibriados
Elyvilon
Ru

Annotations:
Ossuary Monsterracer's ghost, amateur OgHu


Innate Abilities, Weirdness & Mutations

Scrolls take you a little longer to read.
You are weak. (Str -2)
Your spells are a little easier to cast, but a little less powerful.


Message History

Casting: Searing Ray
Confirm with . or Enter, or press ? or * to list all spells.
Aiming: Searing Ray
Press: ? - help, Shift-Dir - straight line, f/p - Monsterracer's ghost
Aim: Monsterracer's ghost (severely damaged)
The searing ray hits Monsterracer's ghost.
Monsterracer's ghost is severely damaged. (Press . to maintain the ray.) Monsterracer's ghost misses you.
The searing ray hits Monsterracer's ghost.
Monsterracer's ghost is severely damaged.
Monsterracer's ghost hits you.
* * * LOW HITPOINT WARNING * * *
The searing ray hits Monsterracer's ghost.
Monsterracer's ghost is almost destroyed.
Monsterracer's ghost closely misses you.
The searing ray hits Monsterracer's ghost.
Monsterracer's ghost is almost destroyed.
You finish channeling your searing ray.
Monsterracer's ghost hits you!
You die...

#####
#...#
#.∩.#
#...# .
##'## ...
#.W.#.....
#.@.Z...8.
#...#...#.
#########


You could see Monsterracer's ghost and a goblin zombie.

Vanquished Creatures
  2 orc wizards
  A worker ant (D:4)
  4 adders
  An ooze (D:2)
  4 worms (D:2)
  A dart slug (D:3)
  2 leopard geckos
  4 orcs (D:3)
  A ball python (D:2)
  4 giant cockroaches
  7 goblins
  11 hobgoblins
  A jackal (D:1)
  7 kobolds
  3 quokkas
  4 bats
  8 frilled lizards
  11 rats
76 creatures vanquished.

Notes
Turn   | Place    | Note
-------+----------+-------------------------------------------
     0 | D:1      | Monsterracer the Deep Elf Conjurer began the quest for the Orb.
     0 | D:1      | Reached XP level 1. HP: 10/10 MP: 6/6
   153 | D:1      | Reached XP level 2. HP: 15/15 MP: 2/8
   167 | D:1      | Reached skill level 5 in Conjurations
   297 | D:1      | Learned a level 2 spell: Searing Ray
   691 | D:1      | Reached XP level 3. HP: 19/19 MP: 4/9
   987 | D:2      | Learned a level 3 spell: Dazzling Spray
  1174 | D:2      | Found a white marble altar of Elyvilon.
  1228 | D:2      | Gained mutation: Scrolls take you a little longer to read. [potion of mutation]
  1228 | D:2      | Gained mutation: You are weak. (Str -2) [potion of mutation]
  1228 | D:2      | Gained mutation: Your spells are a little easier to cast, but a little less powerful. [potion of mutation]
  1264 | D:2      | Reached skill level 6 in Conjurations
  1355 | D:2      | Reached XP level 4. HP: 24/24 MP: 2/10
  1500 | D:2      | Lost strength.
  1569 | D:2      | Found a sacrificial altar of Ru.
  1642 | D:2      | Found a snail-covered altar of Cheibriados.
  2454 | D:2      | Reached skill level 7 in Conjurations
  2454 | D:2      | Reached XP level 5. HP: 8/28 MP: 8/11
  3015 | D:4      | Found a sand-covered staircase.
  3020 | Ossuary  | Entered an ossuary
  3038 | Ossuary  | Noticed Monsterracer's ghost (amateur OgHu)
  3058 | Ossuary  | Slain by Monsterracer's ghost

Skill      XL: |  1  2  3  4 |
---------------+-------------+-----
Conjurations   | 5 6 7 |  7.6
Dodging        | |  2.4
Stealth        | |  2.4
Spellcasting   | |  3.0

Action                   |  1- 3 |  4- 6 || total
-------------------------+-------+-------++-------
Melee: Unarmed           |     7 |       ||     7
       Club              |     1 |       ||     1
       Dagger            |       |     6 ||     6
 Cast: Magic Dart        |    73 |    67 ||   140
       Searing Ray       |     3 |    11 ||    14
       Dazzling Spray    |       |     2 ||     2
  Use: Potion            |     3 |     2 ||     5
       Scroll            |       |     6 ||     6
  Eat: Chunk             |     1 |     6 ||     7
Armor: Robe              |     1 |     2 ||     3
Dodge: Dodged            |    14 |    16 ||    30
